 Dungeon Crawl Stone Soup version 0.23.2-30-g0e89c35649 (webtiles) character file.

Game seed: 8237252006640349348

58 Hatywr the Firebug (level 3, 0/26 HPs)
             Began as a Draconian Fire Elementalist on June 17, 2019.
             Succumbed to an adder's poison
             ... on level 2 of the Dungeon.
             The game lasted 00:03:16 (2022 turns).

Hatywr the Firebug (Draconian Fire Elementalist)    Turns: 2022, Time: 00:03:16

Health: 0/26       AC:  5    Str: 10    XL:     3   Next: 76%
Magic:  0/6        EV: 12    Int: 16    God:
Gold:   54         SH:  0    Dex: 11    Spells: 2/6 levels left

rFire    . . .     SeeInvis .   (no weapon)
rCold    . . .     Gourm    .   (no shield)
rNeg     . . .     Faith    .   (armour unavailable)
rPois    .         Spirit   .   (helmet restricted)
rElec    .         Reflect  .   (no cloak)
rCorr    .         Harm     .   (no gloves)
MR       .....                  (no boots)
Stlth    ++........             (no amulet)
HPRegen  0.08/turn              (no ring)
MPRegen  0.10/turn              (no ring)

@: lethally poisoned (0 -> -6)
A: unfitting armour, cold-blooded, AC +5
a: no special abilities


You were on level 2 of the Dungeon.
You were hungry.

You visited 1 branch of the dungeon, and saw 2 of its levels.

You collected 54 gold pieces.

Inventory:

Scrolls
 a - a scroll of fear {unknown}
 c - 2 scrolls of identify {unknown}
 d - a scroll of blinking {unknown}
 e - a scroll of immolation {unknown}
Comestibles
 b - a ration


   Skills:
 - Level 1.7 Dodging
 - Level 1.7 Stealth
 - Level 2.0 Spellcasting
 + Level 2.6 Conjurations
 + Level 4.0 Fire Magic


You had 2 spell levels left.
You knew the following spells:

 Your Spells              Type           Power        Failure   Level  Hunger
a - Flame Tongue          Conj/Fire      ##...        5%          1    #......
b - Conjure Flame         Conj/Fire      ##......     16%         3    ###....

Your spell library contained the following spells:

 Spells                   Type           Power        Failure   Level  Hunger
 Throw Flame              Conj/Fire      ##....       8%          2    ###....
 Inner Flame              Hex/Fire       #.......     26%         3    ###....
 Sticky Flame             Conj/Fire      ##......     45%         4    #####..
 Fireball                 Conj/Fire      ##........   82%         5    ######.


Dungeon Overview and Level Annotations

Branches:
Dungeon (2/15)

Altars:
Ru


Innate Abilities, Weirdness & Mutations

Your plain brown scales are hard. (AC +5)
You cannot fit into any form of body armour.
You are cold-blooded and may be slowed by cold attacks.


Message History

You completely miss the adder. You tail-slap the adder.
The adder is severely wounded.
* * * LOW HITPOINT WARNING * * *
You feel sick. The adder bites you but does no damage.
Casting: Flame Tongue (safe; 5% risk of failure)
Confirm with . or Enter, or press ? or * to list all spells.
Aiming: Flame Tongue (safe; 5% risk of failure)
Press: ? - help, Shift-Dir - straight line, f/p - adder
Aim: an adder (severely wounded)
The flame tongue hits the adder!
You kill the adder!
Your Fire Magic skill increases to level 4!
* * * LOW HITPOINT WARNING * * *
You feel sick.
* * * LOW HITPOINT WARNING * * *
You feel sick.
You aren't carrying any potions.
* * * LOW HITPOINT WARNING * * *
You feel sick.
You die...

#.#####..## #..
##.........# #..
#.....###..# ######..
#..†..###..######.......
#.......#..#............
#....g#.#..#.####......)
#.....#.#..#.## ######..
####........#.## #..
####@#..###.# #..
#....###.#.## #..
###......##.## #..
.##........##.# ##.
......†.......# #.
.##...........# ####.
###......#### #....
#...#### ##..## #####
##########...#


You could see a hobgoblin.

Vanquished Creatures
  2 adders (D:2)
  An ooze (D:1)
  2 dart slugs
  5 bats
  A giant cockroach (D:2)
  2 goblins
  3 hobgoblins
  8 jackals
  A kobold (D:2)
  A quokka (D:2)
  A frilled lizard (D:1)
  A rat (D:2)
28 creatures vanquished.

Notes
Turn   | Place    | Note
-------+----------+-------------------------------------------
     0 | D:1      | Hatywr the Draconian Fire Elementalist began the quest for
                  | the Orb.
     0 | D:1      | Reached XP level 1. HP: 14/14 MP: 3/3
   643 | D:1      | Reached XP level 2. HP: 20/20 MP: 3/5
  1287 | D:2      | Reached XP level 3. HP: 12/26 MP: 3/6
  1460 | D:2      | Learned a level 3 spell: Conjure Flame
  1577 | D:2      | Found a sacrificial altar of Ru.
  2016 | D:2      | Reached skill level 4 in Fire Magic
  2020 | D:2      | HP: 1/26 [poisoned by an adder]
  2022 | D:2      | Succumbed to an adder's poison

Skill      XL: |  1  2  3 |
---------------+----------+-----
Conjurations   | 2 |  2.6
Fire Magic     | 4 |  4.0
Dodging        | |  1.7
Stealth        | |  1.7
Spellcasting   | |  2.0

Action                   || total
-------------------------++-------
Melee: Unarmed           ||    74
       Tailslap          ||    11
 Cast: Flame Tongue      ||    52
  Use: Potion            ||     1
  Eat: Chunk             ||     4
Armor: Skin              ||    56
Dodge: Dodged            ||   112
